 Dungeon Crawl Stone Soup version 0.23.0-2-g0fe3ce5 (webtiles) character file.

Game seed: 5743808292493997577

5251 HunterAntonescu the Spear-Bearer (level 10, -3/81 HPs)
             Began as a Human Fighter on Feb 18, 2019.
             Was a Priest of Makhleb.
             Slain by a hornet (4 damage)
             ... on level 9 of the Dungeon on Feb 19, 2019.
             The game lasted 00:44:51 (8448 turns).

HunterAntonescu the Spear-Bearer (Human Fighter)    Turns: 8448, Time: 00:44:53

Health: -3/81      AC: 17    Str: 20    XL:     10   Next: 93%
Magic:  10/10      EV:  8    Int:  6    God:    Makhleb [***...]
Gold:   578        SH:  0    Dex: 13    Spells: 9/9 levels left

rFire    . . .     SeeInvis .   a - +1 trident
rCold    + . .     Gourm    .   (no shield)
rNeg     . . .     Faith    .   q - +2 chain mail {MR+}
rPois    .         Spirit   .   (no helmet)
rElec    .         Reflect  .   (no cloak)
rCorr    .         Harm     .   g - +0 pair of gloves
MR       +....     Clarity  +   c - +0 pair of boots
Stlth    ..........             E - amulet of regeneration
HPRegen  0.63/turn              s - ring of stealth
MPRegen  0.12/turn              y - ring of protection from cold

@: lethally poisoned (-3 -> -5), slowed, very slow
A: hooves 1, molten scales 1, clarity, dopey 1
a: Minor Destruction, Lesser Servant of Makhleb, Renounce Religion


You were on level 9 of the Dungeon.
You worshipped Makhleb.
Makhleb was most pleased with you.
You were not hungry.

You visited 1 branch of the dungeon, and saw 9 of its levels.
You also visited: Ossuary.

You collected 578 gold pieces.

Inventory:

Hand Weapons
 a - a +1 trident (weapon)
Armour
 c - a +0 pair of boots (worn)
 g - a +0 pair of gloves (worn)
 q - a +2 chain mail of magic resistance (worn)
Jewellery
 s - a ring of stealth (left hand)
 y - a ring of protection from cold (right hand)
 E - an amulet of regeneration (around neck)
Wands
 b - a wand of iceblast (9)
 w - a wand of random effects (20)
 x - a wand of flame (10)
Scrolls
 i - 2 scrolls of remove curse
 j - 4 scrolls of identify
 k - a scroll of immolation {unknown}
 n - 7 scrolls of teleportation
 o - 2 scrolls of magic mapping
 A - a scroll of enchant armour {unknown}
 D - a scroll of silence {unknown}
Potions
 d - 2 potions of might
 e - a potion of brilliance
 h - a potion of agility
 r - 4 potions of curing
 t - a potion of resistance
 u - 2 potions of flight
 v - a potion of invisibility {unknown}
 z - a potion of ambrosia
Comestibles
 f - 6 rations


   Skills:
 + Level 8.3 Fighting
 * Level 11.0 Polearms
 + Level 8.2 Armour
 - Level 1.0 Dodging
   Level 3.0 Shields


You had 9 spell levels left.
You didn't know any spells.
Your spell library contained the following spells:

 Spells                   Type           Power        Failure   Level  Hunger
 Poison Arrow             Conj/Pois      #.........   100%        6    #######
 Chain Lightning          Conj/Air       #.........   100%        8    #######
 Lehudib's Crystal Spear  Conj/Erth      #.........   100%        8    #######
 Fire Storm               Conj/Fire      #.........   100%        9    #######
 Glaciate                 Conj/Ice       #.........   100%        9    #######


Dungeon Overview and Level Annotations

Branches:
Dungeon (9/15)             Temple (0/1) D:7            Lair (0/6) D:9
    Orc: D:9-12

Altars:
Hepliaklqana
Kikubaaqudgha
Makhleb
Qazlal
Uskayaw
Xom

Annotations:
D:9 2 transporters, soark's ghost, novice DECj


Innate Abilities, Weirdness & Mutations

You have large cloven feet.
You are partially covered in molten scales. (AC +2)
You possess an exceptional clarity of mind.
You are dopey. (Int -2)


Message History

The hornet stings you!
* * * LOW HITPOINT WARNING * * *
You shrug off the repeated paralysis!
You feel sick. The hornet stings you!
* * * LOW HITPOINT WARNING * * *
You feel as though you will be slow longer.
You feel sick.
The hornet stings you but does no damage. x2
You can move again.
You puncture the hornet!
The hornet is severely wounded.
The hornet stings you!
* * * LOW HITPOINT WARNING * * *
You are lethally poisoned!
You shrug off the repeated paralysis!
You hit the hornet but do no damage.
The hornet is severely wounded.
* * * LOW HITPOINT WARNING * * *
You feel sick. The hornet stings you.
You die...

,,*****,,* **,,,,*#.....##.##.#.
*,* *,*,* ##,*#,*##...#..###...)
*,* ****#**..,.,*#...##.......(#
,,* #.,#...###...########.## ,,*
*#..,..#..##..## #..# *,**
*....#....*##..## ###...
**,******,*#...#.#*##...####.....
*,,**,,,,,#....y###.............
*,,,,,**,.#../.@.........#...#..
**,,****,................##...#.#
,,,,****,..#.............##..##.#
,*,,,**,,,,#....##......###..*#.#
,**,,**,,,,#...#*##......#.<,*#.ยง
,,**,,,,,,,#...* ##..##....**#..
,,,*,,,**,..$.#* #........#*##.
,,,,,,,,,,.#..* #......#..*#..
,,,,,,***,*#.** *#........#*#..


You could see a hornet.

Vanquished Creatures
  Maurice (D:8)
  A polar bear (D:9)
  A dream sheep (D:8)
  A wyvern (D:8)
  Eustachio (D:6)
  4 yaks (D:9)
  2 orc warriors
  2 phantoms
  3 ice beasts
  A sky beast (D:5)
  A necrophage (D:6)
  2 ogres
  A centaur (D:6)
  A crocodile (D:9)
  3 bullfrogs
  3 big kobolds (D:9)
  6 water moccasin zombies (Ossuary)
  4 scorpions
  6 killer bees (D:8)
  3 wights (D:7)
  A howler monkey (D:5)
  4 jellies
  3 crimson imps
  2 hounds (D:5)
  An orc priest (D:8)
  A water moccasin simulacrum (D:9)
  A gnoll shaman (D:7)
  5 orc wizards
  2 iguanas
  5 worker ants
  2 killer bee zombies
  4 big kobold zombies (Ossuary)
  A hound zombie (D:5)
  2 hound skeletons (D:6)
  2 mummies (Ossuary)
  A worker ant zombie (D:5)
  Robin (D:2)
  A howler monkey skeleton (D:6)
  7 gnolls
  15 adders
  4 river rats (D:6)
  2 shadow imps
  4 white imps (D:9)
  7 adder zombies
  An adder skeleton (D:6)
  2 worms (D:6)
  2 dart slugs (D:3)
  An adder simulacrum (D:9)
  7 leopard geckos
  32 orcs
  4 ball pythons
  9 bats
  3 giant cockroaches
  6 gnoll zombies (Ossuary)
  12 hobgoblins
  13 jackals
  6 quokkas
  6 frilled lizards
  16 goblins
  4 hobgoblin zombies (Ossuary)
  11 kobolds
  6 kobold zombies (Ossuary)
  4 orc zombies (Ossuary)
  A quokka skeleton (D:7)
  9 rats
  A plant (D:1)
281 creatures vanquished.

Vanquished Creatures (others)
  4 dream sheep (D:8)
  A bush (D:9)
  2 fungi (D:9)
  13 plants (D:9)
20 creatures vanquished.

Grand Total: 301 creatures vanquished

Notes
Turn   | Place    | Note
-------+----------+-------------------------------------------
     0 | D:1      | HunterAntonescu the Human Fighter began the quest for the
                  | Orb.
     0 | D:1      | Reached XP level 1. HP: 18/18 MP: 1/1
   103 | D:1      | Reached XP level 2. HP: 23/24 MP: 2/2
   231 | D:1      | Reached XP level 3. HP: 27/29 MP: 3/3
   969 | D:2      | Found a shimmering altar of Xom.
   970 | D:2      | Found a hazy altar of Hepliaklqana.
   970 | D:2      | Noticed a Killer Klown
   971 | D:2      | Noticed a Killer Klown
   971 | D:2      | Noticed a spectral ugly thing
   974 | D:2      | Upgraded the game from 0.23.0 to 0.23.0-2-g0fe3ce5
  1052 | D:2      | Reached XP level 4. HP: 35/37 MP: 4/4
  1073 | D:2      | Noticed Robin
  1076 | D:2      | Reached skill level 3 in Polearms
  1095 | D:2      | Killed Robin
  2055 | D:3      | Reached XP level 5. HP: 38/42 MP: 5/5
  2093 | D:3      | Reached skill level 4 in Polearms
  2609 | D:3      | Reached XP level 6. HP: 35/48 MP: 6/6
  3055 | D:4      | You fall through a shaft!
  3055 | D:5      | Entered Level 5 of the Dungeon
  3068 | D:5      | Found a stormy altar of Qazlal.
  3153 | D:5      | Reached skill level 1 in Dodging
  3206 | D:5      | Noticed a sky beast
  3229 | D:5      | Killed a sky beast
  3229 | D:5      | Reached skill level 5 in Polearms
  3229 | D:5      | Reached XP level 7. HP: 7/55 MP: 7/7
  3971 | D:5      | Found a hide-covered altar of Uskayaw.
  4022 | D:6      | Noticed Eustachio
  4048 | D:6      | Reached skill level 6 in Polearms
  4063 | D:6      | Reached skill level 5 in Fighting
  4079 | D:6      | Killed Eustachio
  4079 | D:6      | Reached skill level 5 in Armour
  4079 | D:6      | Reached XP level 8. HP: 48/62 MP: 8/8
  4326 | D:6      | Reached skill level 7 in Polearms
  4755 | D:6      | Reached XP level 9. HP: 69/69 MP: 9/9
  4929 | D:6      | Found a burning altar of Makhleb.
  4939 | D:6      | Became a worshipper of Makhleb the Destroyer
  5140 | D:6      | Reached skill level 8 in Polearms
  5460 | D:6      | Found a burning altar of Makhleb.
  5684 | D:7      | Found a staircase to the Ecumenical Temple.
  5758 | D:7      | Found a sand-covered staircase.
  5802 | D:7      | Reached * piety under Makhleb
  5891 | D:7      | Gained mutation: You are dopey. (Int -2) [potion of
                  | mutation]
  5891 | D:7      | Gained mutation: You possess an exceptional clarity of
                  | mind. [potion of mutation]
  5891 | D:7      | Gained mutation: You have large cloven feet. [potion of
                  | mutation]
  5891 | D:7      | Gained mutation: You are partially covered in molten
                  | scales. (AC +2) [potion of mutation]
  6114 | D:8      | Found a sand-covered staircase.
  6120 | Ossuary  | Entered an ossuary
  6157 | Ossuary  | Reached ** piety under Makhleb
  6171 | Ossuary  | Reached skill level 9 in Polearms
  6611 | D:8      | Reached XP level 10. HP: 79/79 MP: 10/10
  6681 | D:8      | Found a shimmering altar of Xom.
  7109 | D:8      | Noticed Maurice
  7300 | D:8      | Killed Maurice
  7300 | D:8      | Reached skill level 10 in Polearms
  7402 | D:8      | Reached *** piety under Makhleb
  7754 | D:9      | Found a transporter.
  7754 | D:9      | Noticed soark's ghost (novice DECj)
  7754 | D:9      | Identified the +7 great mace "Kent" {elec, rF+ MP-9 Int+3}
  7754 | D:9      | Identified the +9 dire flail of Nopaaq {flame, rC+}
  7754 | D:9      | Noticed a two-headed ogre
  7755 | D:9      | Found a transporter.
  7755 | D:9      | Noticed a two-headed ogre
  7894 | D:9      | Found an ancient bone altar of Kikubaaqudgha.
  8172 | D:9      | Reached skill level 11 in Polearms
  8444 | D:9      | Paralysed by a hornet for 3 turns
  8447 | D:9      | HP: 3/81 [hornet (7)]
  8448 | D:9      | HP: 1/81 [poisoned by a hornet]
  8448 | D:9      | Slain by a hornet

Skill      XL: |  1  2  3  4  5  6  7  8  9 10 |
---------------+-------------------------------+-----
Polearms       | 3 4 5 6 7 9 11 | 11.0
Fighting       | 4 5 6 7 8 |  8.3
Dodging        | 1 |  1.0
Armour         | 4 5 7 8 |  8.2
Shields        | |  3.0

Action                   |  1- 3 |  4- 6 |  7- 9 | 10-12 || total
-------------------------+-------+-------+-------+-------++-------
Melee: Trident           |   136 |   297 |   851 |   278 ||  1562
Throw: Tomahawk          |       |       |     9 |     1 ||    10
  Use: Scroll            |       |     2 |     3 |     2 ||     7
       Potion            |       |       |     8 |     2 ||    10
 Stab: Fleeing           |       |       |       |     1 ||     1
  Eat: Ration            |     1 |     2 |     3 |     2 ||     8
Armor: Scale mail        |    13 |       |       |       ||    13
       Chain mail        |    44 |   163 |   349 |   201 ||   757
       Skin              |       |       |    12 |       ||    12
Dodge: Dodged            |    32 |   104 |   228 |   135 ||   499
Block: Other             |       |    26 |    83 |       ||   109
       Reflection        |       |       |     3 |       ||     3
